 Dungeon Sprint DCSS version 0.23-a0-143-g1adec7b (webtiles) character file.

261 TheOrbIsALie the Martial Artist (level 6, -3/42 (43) HPs)
             Began as a Merfolk Transmuter on Aug 31, 2018.
             Killed from afar by a deep elf mage (23 damage)
             ... with a shard of ice
             ... in the Dungeon (Sprint III: "The Ten Rune Challenge").
             The game lasted 00:01:47 (312 turns).

TheOrbIsALie the Martial Artist (Merfolk Transmuter) Turns: 312, Time: 00:01:48

HP:   -3/42 (43)    AC:  2    Str: 12    XL:     6   Next: 18%
MP:   9/9           EV: 13    Int: 16    God:
Gold: 34            SH:  0    Dex: 12    Spells: 8/9 levels left

rFire    . . .     SeeInvis .     - Unarmed
rCold    . . .     Gourm    .   (no shield)
rNeg     . . .     Faith    .   b - +0 robe
rPois    .         Spirit   .   (no helmet)
rElec    .         Reflect  .   (no cloak)
rCorr    .         Harm     .   (no gloves)
MR       .....     NoTele   +   (no boots)
Stlth    +.........             (no amulet)
HPRegen  0.54/turn              c - +3 ring of intelligence
MPRegen  0.11/turn              (no ring)

@: appendage (expiring)
A: change form in water, swift swim, stealthy swim, horns 2, clumsy 1,
regeneration 1
a: End Transformation


You were in the Dungeon.
You were not hungry.
You had grown temporary horns.
You visited 1 branch You collected 34 gold pieces.

Inventory:

Missiles
 a - 12 arrows
Armour
 b - a +0 robe (worn)
Jewellery
 c - a +3 ring of intelligence (left hand)
Scrolls
 j - a scroll of blinking
 l - 2 scrolls of holy word {unknown}
 m - a scroll of enchant weapon {unknown}
 n - a scroll of amnesia {unknown}
 p - a scroll of identify {unknown}
 q - a scroll of magic mapping {unknown}
Potions
 e - a potion of curing
 f - a potion of heal wounds
 g - a potion of haste
 h - 2 potions of magic
 o - 2 potions of flight
 r - a potion of resistance {unknown}
 s - 5 potions of mutation
Comestibles
 d - 3 rations
 k - 3 chunks of flesh


   Skills:
 - Level 1.1 Fighting
 - Level 2.6 Dodging
 + Level 13.3 Unarmed Combat
 - Level 2.0 Spellcasting
 - Level 2.6 Transmutations


You had 8 spell levels left.
You knew the following spells:

 Your Spells              Type           Power        Failure   Level  Hunger
a - Beastly Appendage     Tmut           ##....       7%          1    #......

Your spell library contained the following spells:

 Spells                   Type           Power        Failure   Level  Hunger
 Sticks to Snakes         Tmut           ##......     11%         2    ###....
 Animate Skeleton         Necr           N/A          21%         1    #......
 Apportation              Tloc           #.....       21%         1    #......
 Confusing Touch          Hex            #.....       21%         1    #......
 Magic Dart               Conj           #...         21%         1    #......
 Summon Small Mammal      Summ           #...         21%         1    #......
 Blink                    Tloc           N/A          30%         2    ###....
 Call Imp                 Summ           #.......     30%         2    ###....
 Slow                     Hex            #.......     30%         2    ###....
 Spider Form              Tmut/Pois      #.........   34%         3    ###....
 Conjure Flame            Conj/Fire      #.......     52%         3    ###....
 Mephitic Cloud           Conj/Pois/Air  #.......     52%         3    ###....
 Ice Form                 Ice/Tmut       #.......     75%         4    #####..
 Blade Hands              Tmut           ##........   88%         5    ######.


Dungeon Overview and Level Annotations

Branches:
Dungeon (1/1)

Altars:
Dithmenos
Elyvilon
Kikubaaqudgha
Ru
Sif Muna
Vehumet
Yredelemnul
Zin
The Shining One


Innate Abilities, Weirdness & Mutations

You revert to your normal form in water.
You are very nimble and swift while swimming.
You are very stealthy in the water. (Stealth+)
You have a pair of horns on your head.
You are clumsy. (Dex -2)
Your natural rate of healing is unusually fast.


Message History

The deep elf mage is heavily wounded.
You miss the deep elf mage.
The deep elf mage is heavily wounded.
The deep elf mage barely misses you.
You completely miss the deep elf mage. You headbutt the deep elf mage.
The deep elf mage is heavily wounded.
You closely miss the deep elf mage. You headbutt the deep elf mage!
The deep elf mage is severely wounded.
The deep elf mage gestures at you while chanting.
The bolt of cold hits you!
Ouch! That really hurt!
You barely miss the deep elf mage.
The deep elf mage is severely wounded.
The deep elf mage casts a spell.
The deep elf mage blinks!
Your transformation is almost over.
The deep elf mage casts a spell at you. The shard of ice hits you!
Ouch! That really hurt!
You die...

▓▓▓▓▓▓▓ ▓▓▓ '...♣.♣♣
♣.##### #### #......♣
♣♣.#___# #__# #....♣♣♣
..#.§.# #._#
#....≈♣♣♣♣♣.###'#+###)##
#...≈≈♣♣.♣..#...@e.....#
#..≈≈≈≈♣♣...'.⌠........#
#..≈≈≈≈≈≈...#...######+#
#.≈≈≈≈≈≈....#.⌠.#
#.≈≈≈≈≈.....#...#
#.≈≈≈.......#'###
#...........#)).#
............#___#
▓▓▓▓▓▓▓▓▓▓▓▓▓▓▓▓▓


You could see a deep elf mage.

Vanquished Creatures
  A necrophage (D)
  A water elemental (D)
  A wizard (D)
  A necromancer (D)
  A human (D)
  A kobold demonologist (D)
  A wolf (D)
  2 oozes (D)
  2 rats (D)
11 creatures vanquished.

Vanquished Creatures (others)
  2 draconian scorchers (D)
  A yaktaur (D)
  6 hellions (D)
9 creatures vanquished.

Grand Total: 20 creatures vanquished

Notes
Turn   | Place    | Note
-------+----------+-------------------------------------------
     0 | D        | TheOrbIsALie the Merfolk Transmuter began the quest for the
                  | Orb.
     0 | D        | Reached XP level 1. HP: 15/15 MP: 3/3
     5 | D        | Reached skill level 5 in Unarmed Combat
     9 | D        | Reached XP level 2. HP: 17/21 MP: 3/5
    76 | D        | Reached skill level 7 in Unarmed Combat
    76 | D        | Reached XP level 3. HP: 24/26 MP: 4/6
    85 | D        | Killed a hellion
    86 | D        | Killed a hellion
   103 | D        | Reached skill level 8 in Unarmed Combat
   108 | D        | Killed a yaktaur
   113 | D        | Killed a hellion
   123 | D        | Killed a hellion
   124 | D        | Killed a hellion
   139 | D        | Gained mutation: You are clumsy. (Dex -2) [potion of
                  | mutation]
   139 | D        | Gained mutation: Your natural rate of healing is unusually
                  | fast. [potion of mutation]
   145 | D        | Killed a hellion
   161 | D        | Killed a white draconian scorcher
   187 | D        | Noticed a water elemental
   191 | D        | Killed a water elemental
   191 | D        | Reached skill level 10 in Unarmed Combat
   191 | D        | Reached XP level 4. HP: 32/32 MP: 5/7
   238 | D        | Found a basalt altar of Yredelemnul.
   238 | D        | Found a shadowy altar of Dithmenos.
   238 | D        | Found a sacrificial altar of Ru.
   238 | D        | Noticed a necrophage
   240 | D        | Reached skill level 11 in Unarmed Combat
   240 | D        | Reached XP level 5. HP: 37/37 MP: 6/8
   245 | D        | Killed a necrophage
   245 | D        | Reached skill level 12 in Unarmed Combat
   259 | D        | Found a radiant altar of Vehumet.
   260 | D        | Found a deep blue altar of Sif Muna.
   260 | D        | Found an ancient bone altar of Kikubaaqudgha.
   264 | D        | Reached skill level 13 in Unarmed Combat
   264 | D        | Reached XP level 6. HP: 23/42 MP: 7/9
   277 | D        | Killed a white draconian scorcher
   302 | D        | Found a glowing silver altar of Zin.
   302 | D        | Found a glowing golden altar of the Shining One.
   302 | D        | Found a white marble altar of Elyvilon.
   302 | D        | Noticed a deep elf mage
   312 | D        | Killed from afar by a deep elf mage

Vault maps used:
D:        dungeon_sprint_mu

Skill      XL: |  1  2  3  4  5 |
---------------+----------------+-----
Unarmed Combat | 5 7 10 11 13 | 13.3
Fighting       | |  1.1
Dodging        | |  2.6
Spellcasting   | |  2.0
Transmutations | |  2.6

Action                   |  1- 3 |  4- 6 || total
-------------------------+-------+-------++-------
Melee: Unarmed           |    38 |    20 ||    58
       Headbutt          |     5 |     3 ||     8
       Tailslap          |     3 |       ||     3
 Cast: Beastly Appendage |     5 |     3 ||     8
  Use: Potion            |     2 |       ||     2
Armor: Robe              |     1 |     1 ||     2
Dodge: Dodged            |    20 |     9 ||    29

Table legend:
 A = Non-vault XP
 B = Vault XP
 C = Vault XP percentage of total XP
 D = Non-vault monster count
 E = Vault monster count
 F = Vault count percentage of total count
                 A         B        C        D         E       F
            +---------+---------+-------+---------+---------+-------
      Total |       0 |     374 | 100.0 |       0 |      11 | 100.0
            +---------+---------+-------+---------+---------+-------
          D |       0 |     374 | 100.0 |       0 |      11 | 100.0
            +---------+---------+-------+---------+---------+-------
